 Dungeon Crawl Stone Soup version 0.30-a0-29-g142975f185 (webtiles) character file.

Game seed: 14869363216594654933

15022 melkoren the Grappler (level 11, -2/133 HPs)
             Began as a Troll Monk on Aug 26, 2022.
             Was a High Priest of Elyvilon.
             Slain by a very large slime creature (41 damage)
             ... on level 11 of the Dungeon.
             The game lasted 00:40:51 (9990 turns).

melkoren the Grappler (Troll Monk)                  Turns: 9990, Time: 00:40:51

Health: -2/133     AC:  8    Str: 21    XL:     11   Next: 96%
Magic:  14/19      EV: 17    Int:  6    God:    Elyvilon [*****.]
Gold:   455        SH:  0    Dex: 14    Spells: 10/10 levels left

rFire   . . .      SeeInvis +      - Unarmed
rCold   . . .      Faith    .    (no shield)
rNeg    . . .      Spirit   .    X - +0 steam dragon scales
rPois   .          Reflect  .    (helmet restricted)
rElec   .          Harm     .    (no cloak)
rCorr   .          Rampage  .    (gloves unavailable)
Will    .....                    (boots unavailable)
Stlth   ++........               (no amulet)
HPRegen 1.12/turn                E - +4 ring of evasion
MPRegen 0.16/turn                v - ring of see invisible

@: divinely vigorous, on berserk cooldown, unable to read
A: large, unfitting armour, claws 3, regeneration 1, shaggy fur 1, tough skin 1,
clumsy 1, evolution 1, inability to read after injury 1
a: Renounce Religion, Purification, Heal Other, Heal Self, Divine Vigour


You were on level 11 of the Dungeon.
You worshipped Elyvilon.
Elyvilon was extremely pleased with you.
You visited 1 branch of the dungeon, and saw 11 of its levels.
You also visited: Ossuary.

You collected 455 gold pieces.


Innate Abilities, Weirdness & Mutations

You are too large for most types of armour.
You have claws for hands.
Your natural rate of healing is unusually fast.
You are covered in fur. (AC +1)
You have tough skin. (AC +1)
You are clumsy. (Dex -2)
You have hidden genetic potential.
You occasionally lose the ability to read scrolls when taking damage.


   Skills:
 + Level 8.2 Fighting
 - Level 2.5 Throwing
 * Level 5.0 Armour
 + Level 8.2 Dodging
 - Level 1.0 Stealth
 + Level 9.8 Unarmed Combat
 + Level 8.2 Invocations


You had 10 spell levels left.
You didn't know any spells.
Your spell library contained the following spells:

 Spells                   Type           Power      Damage    Failure   Level
 Sandblast                Erth           0%         2d4       45%         1
 Ensorcelled Hibernation  Hex/Ice        0%         N/A       58%         2
 Passwall                 Tmut/Erth      0%         N/A       58%         2
 Conjure Flame            Conj/Fire      0%         6-21      83%         3
 Dazzling Flash           Conj/Hex       0%         N/A       83%         3
 Gell's Gravitas          Tloc           0%         N/A       83%         3
 Ignite Poison            Fire/Tmut/Pois 0%         N/A       83%         3
 Lesser Beckoning         Tloc           0%         N/A       83%         3
 Stone Arrow              Conj/Erth      0%         3d7       83%         3
 Swiftness                Air            0%         N/A       83%         3
 Teleport Other           Tloc           0%         N/A       83%         3
 Iskenderun's Mystic Bla  Conj/Tloc      0%         2d3       99%         4
 Sticky Flame             Conj/Fire      0%         2d3       99%         4
 Blade Hands              Tmut           0%         N/A       100%        5
 Irradiate                Conj/Tmut      0%         3d11      100%        5
 Starburst                Conj/Fire      0%         6d3       100%        6
 Dragon Form              Tmut           0%         N/A       100%        7

Inventory:

Hand Weapons
 B - the +7 short sword of the Walnut {holy, Stlth+}
   (You found it on level 6 of the Dungeon)

   It has been blessed by the Shining One to cause great damage to the undead
   and demons.
   Stlth:     It makes you more stealthy.
Missiles
 e - 3 javelins (quivered)
 i - 2 curare-tipped darts {=f}
 l - 85 stones
 o - 21 poisoned darts
 t - 6 atropa-tipped darts
 C - 10 large rocks {=f}
 S - 2 throwing nets {=f!f}
Armour
 c - +0 acid dragon scales
   (You found it on level 8 of the Dungeon)
 z - a +0 robe
   (You found it on level 11 of the Dungeon)
 X - +0 steam dragon scales (worn)
   (You found it on level 8 of the Dungeon)
Magical Staves
 f - a staff of fire {!a}
   (You found it on level 1 of the Dungeon)
Jewellery
 v - a ring of see invisible (right claw)
   (You found it on level 8 of the Dungeon)
 w - a ring of magical power
   (You found it on level 8 of the Dungeon)
 E - a +4 ring of evasion (left claw)
   (You found it on level 4 of the Dungeon)
 N - an amulet of magic regeneration
   (You found it on level 10 of the Dungeon)
 T - an amulet of faith {!P}
   (You found it on level 9 of the Dungeon)
 W - a ring of magical power
   (You found it on level 4 of the Dungeon)
Wands
 n - a wand of polymorph (8)
   (You took it off Sigmund on level 6 of the Dungeon)
 r - a wand of flame (21)
   (You took it off Robin on level 2 of the Dungeon)
 s - a wand of mindburst (11)
   (You found it on level 6 of the Dungeon)
 O - a wand of charming (4)
   (You found it on level 10 of the Dungeon)
Scrolls
 d - 2 scrolls of noise {!r}
 h - 2 scrolls of magic mapping {!r}
 k - a scroll of immolation {!r!r}
 m - 16 scrolls of identify {@r1}
 p - 2 scrolls of enchant weapon
 u - 3 scrolls of teleportation {@r4}
 y - a scroll of silence {!r}
 A - a scroll of fear
 H - a scroll of fog
 I - 2 scrolls of blinking {!r}
 Q - a scroll of acquirement {unknown}
 V - a scroll of vulnerability {unknown}
Potions
 b - 2 potions of ambrosia
 g - 2 potions of resistance
 j - 2 potions of might
 q - 3 potions of curing {@q1}
 x - a potion of degeneration {!q}
 J - a potion of magic
 K - a potion of mutation {!q}
 M - a potion of invisibility

Dungeon Overview and Level Annotations

Branches:
Dungeon (11/15) Zot: 26821  Temple (0/1) D:7         Ossuary (visited)
   Lair: D:8-11         Orc: D:9-12

Altars:
Dithmenos
Elyvilon
Gozag
Ru
Trog
Xom
Yredelemnul

Shops:
D:1 ?   D:2 [ D:10

( #.# + ###+##### #.###...
#.......# #....># #.......#
#.##### ##+###### #.......#
###.######
#.......#####.......####.........
'.......'..##.......'..#.........
#.......##.##.......##...........
#.......##..'..J@...####.........
####'########..oJ...# #.........
#)# #####'### ######)### #.#
#......# #..# #)# #.###### ##+#
#)# #)# ... ....J


You could see a very large slime creature, a large slime creature and an orc.


Message History

You regained 2 hp, and now have 29/111 hp.
You mangle the large slime creature!!
You claw the large slime creature! 😨 HP[+1]
You claw the large slime creature! You mangle the large slime creature!!
The large slime creature misses you. 😨 HP[+1]
You barely miss the large slime creature. 😨 HP[+1]
You scratch the large slime creature. The large slime creature hits you!!
* * * LOW HITPOINT WARNING * * *
Two slime creatures merge to form a very large slime creature. 😱 HP[-19]
You take 19 damage, and now have 13/111 hp.
Items here: ( )) [[ ††. 😱 HP[+1]
Okay, then.
You are healed.
Two slime creatures merge to form an enormous slime creature. 😨 HP[+27] MP[-2]
You regained 27 hp, and now have 41/111 hp.
You lost 2 mp, and now have 14/16 mp.
You cannot read scrolls in your current state!
It was a potion of berserk rage.
A red film seems to cover your vision as you go berserk!
You feel yourself moving faster!
You feel mighty!
Two slime creatures merge to form a titanic slime creature. 😨 HP[+22]
You now have 166 max hp (+55).
You regained 22 hp, and now have 63/166 hp.
You feel a strong urge to attack something. 😨 HP[+1]
Things that are here:
a +0 dire flail; a +0 chain mail; an orc corpse 😨 HP[+1]
You feel your anger nearly subside.
You are no longer berserk.
You are exhausted.
You feel yourself slow down.
There is an open door here. 😨 HP[-21]
You now have 111 max hp (-55).
You feel purified! 😨 HP[+1] MP[-2]
You lost 2 mp, and now have 12/16 mp.
The orc shouts noisily. 😨 HP[+1] MP[+1] 😨 HP[+2]
You regained 2 hp, and now have 48/111 hp.
The titanic slime creature attacks as you move away!
The titanic slime creature barely misses you. 😨 HP[+1]
There is an open door here. 😨 HP[+1]
The titanic slime creature attacks as you move away!
The titanic slime creature hits you!!!!
Elyvilon protects you from harm! 😨 HP[+1]
The titanic slime creature attacks as you move away!
The titanic slime creature hits you!!
* * * LOW HITPOINT WARNING * * *
😨 HP[-17]
You take 17 damage, and now have 34/111 hp. 😨 HP[+1] MP[+1]
There is an open door here. 😨 HP[+1] 😨 HP[+1] 😨 HP[+1]
The titanic slime creature attacks as you move away!
The titanic slime creature closely misses you. 😨 HP[+1]
The titanic slime creature attacks as you move away!
The titanic slime creature hits you!!!
* * * LOW HITPOINT WARNING * * *
😱 HP[-37]
You take 37 damage, and now have 2/111 hp.
MASSIVE DAMAGE!! (PAUSE)
Press: ? - help, Dir - move target, f - titanic slime creature Heal: a titanic slime creature (moderately wounded, mindless)
You cannot pacify mindless monsters!
Okay, then.
You cannot read scrolls in your current state!
Okay, then.
Okay, then.
Elyvilon grants you divine vigour. The titanic slime creature hits you!!!!
Elyvilon protects you from harm! 😱 HP[+2] MP[+3]
You now have 133 max hp (+22).
You regained 2 hp, and now have 4/133 hp.
You regained 3 mp, and now have 17/19 mp.
You are healed.
The titanic slime creature hits you!!
* * * LOW HITPOINT WARNING * * *
😱 HP[-3] MP[-1]
You take 3 damage, and now have 1/133 hp.
You lost 1 mp, and now have 16/19 mp.
You are healed.
The orc misses you.
A titanic slime creature splits. 😨 HP[+37] MP[-2]
You regained 37 hp, and now have 38/133 hp.
You lost 2 mp, and now have 14/19 mp.
You mangle the large slime creature!! The orc hits you but does no damage.
The very large slime creature hits you!!!
You die...

Skill      XL: |  1  2  3  4  5  6  7  8  9 10 11 |
---------------+----------------------------------+-----
Fighting       | 3 4 5 6 7 8 |  8.2
Dodging        | 3 4 5 6 7 8 |  8.2
Unarmed Combat | 4 5 6 8 9 |  9.8
Invocations    | 1 2 3 4 6 7 8 |  8.2
Throwing       | 2 |  2.5
Armour         | 1 5 |  5.0
Stealth        | |  1.0

Action                   |  1- 3 |  4- 6 |  7- 9 | 10-12 || total
-------------------------+-------+-------+-------+-------++-------
Melee: Unarmed           |    97 |   133 |   315 |   487 ||  1032
       Punch             |     1 |     3 |    22 |    23 ||    49
Throw: Javelin           |       |       |       |     1 ||     1
Invok: Heal Self         |       |     1 |     1 |     8 ||    10
       Purification      |       |       |     2 |     3 ||     5
       Heal Other        |       |       |     1 |       ||     1
       Divine Vigour     |       |       |       |     1 ||     1
  Use: Scroll            |       |     8 |     4 |     3 ||    15
       Potion            |       |     3 |    10 |    11 ||    24
 Stab: Sleeping          |     3 |     7 |     2 |     2 ||    14
       Distracted        |     1 |       |       |       ||     1
Armor: Robe              |    23 |    24 |    68 |    26 ||   141
       Skin              |       |       |     9 |       ||     9
       Steam dragon scal |       |       |       |    50 ||    50
Dodge: Dodged            |    35 |    84 |   255 |   467 ||   841

Levels and vault maps discovered:
D:1:      dpeg_arrival_arbitrary_b, layout_basic, serial_shops,
          nicolae_shop_stone
D:2:      layout_rooms, shapermc_ecumenical_altar_totnotflames, serial_shops,
          shop, minmay_tetromino_o4, uniq_robin
D:3:      minmay_wonky_spiral, layout_basic, minmay_misc_feat_x,
          minmay_liquid_box
D:4:      layout_basic, mainiacjoe_overflow_boulevard
D:5:      layout_loops_corners, nicolae_yredelemnul_corpse_copse,
          mainiacjoe_overflow_24_doors, st_stairs_10
D:6:      layout_cave_pods, mainiacjoe_overflow_alcove_1,
          chequers_ossuary_entry_cave, kb_rosetta, uniq_sigmund
D:7:      layout_gridville, minmay_temple_entry_drinking_statues, uniq_pikel
D:8:      layout_basic, trog_book
D:9:      layout_irregular_city, lemuel_round_altar
D:10:     layout_rooms, serial_co_window_serial, co_window_of_opportunity_a,
          co_window_paths_a, co_window_corner_a, co_window_paths_a,
          co_window_corner_a, co_window_2corner, co_window_unsneaky_path_a,
          co_window_2corner, co_window_corner_b, glass_columns_a, serial_shops,
          nicolae_inconvenience_store
D:11:     layout_roguey, david_lair_shrubbed, david_orc_3, kennysheep_nub,
          serial_park_tiny_pond, uniq_lodul, uniq_erica

Notes
Turn   | Place    | Note
-------+----------+-------------------------------------------
     0 | D:1      | melkoren the Troll Monk began the quest for the Orb.
     0 | D:1      | Reached XP level 1. HP: 22/22 MP: 0/0
     0 | D:1      | magus.rc [v1.11.3]
    90 | D:1      | Found Baamyid's Magic Scroll Emporium.
   144 | D:1      | Reached XP level 2. HP: 29/29 MP: 1/1
   159 | D:1      | You add the spells Conjure Flame, Ignite Poison and Sticky
                  | Flame to your library.
   671 | D:2      | Reached XP level 3. HP: 36/36 MP: 2/2
   702 | D:2      | Found Urelit's Armour Shoppe.
   777 | D:2      | You pick up a book of Spectacle and begin reading...
   777 | D:2      | You add the spells Dazzling Flash, Iskenderun's Mystic
                  | Blast and Starburst to your library.
   863 | D:2      | Noticed Robin
   895 | D:2      | Reached skill level 3 in Fighting
   895 | D:2      | Reached skill level 3 in Dodging
   903 | D:2      | Killed Robin
   911 | D:2      | Reached XP level 4. HP: 39/45 MP: 3/3
   942 | D:2      | Found a faded altar of an unknown god.
   951 | D:2      | Prayed at the altar of an unknown god.
   951 | D:2      | Became a worshipper of Elyvilon the Healer
   951 | D:2      | Reached * piety under Elyvilon
   951 | D:2      | Reached ** piety under Elyvilon
  1158 | D:2      | You pick up a book of Geomancy and begin reading...
  1158 | D:2      | You add the spells Sandblast, Passwall and Stone Arrow to
                  | your library.
  1261 | D:3      | Reached *** piety under Elyvilon
  1303 | D:3      | You pick up a book of Displacement and begin reading...
  1303 | D:3      | You add the spells Lesser Beckoning, Gell's Gravitas and
                  | Teleport Other to your library.
  1923 | D:3      | Reached **** piety under Elyvilon
  2421 | D:4      | Noticed a sky beast
  2430 | D:4      | Killed a sky beast
  2431 | D:4      | Reached skill level 4 in Unarmed Combat
  2431 | D:4      | Reached skill level 1 in Invocations
  2431 | D:4      | Reached XP level 5. HP: 51/53 MP: 3/5
  2530 | D:4      | Reached XP level 6. HP: 37/61 MP: 3/6
  2748 | D:4      | Found a shadowy altar of Dithmenos.
  2767 | D:4      | Reached skill level 2 in Invocations
  3001 | D:5      | Entered Level 5 of the Dungeon
  3020 | D:5      | Reached ***** piety under Elyvilon
  3054 | D:5      | Reached skill level 4 in Fighting
  3054 | D:5      | Reached skill level 4 in Dodging
  3058 | D:5      | Reached XP level 7. HP: 68/70 MP: 7/7
  3123 | D:5      | Reached skill level 5 in Unarmed Combat
  3233 | D:5      | Reached skill level 3 in Invocations
  3451 | D:5      | HP: 15/71 [acid (11)]
  3554 | D:5      | Reached XP level 8. HP: 79/79 MP: 9/9
  3604 | D:5      | You pick up a book of Burglary and begin reading...
  3604 | D:5      | You add the spells Ensorcelled Hibernation and Swiftness to
                  | your library.
  3835 | D:5      | Found a sacrificial altar of Ru.
  3958 | D:5      | Found a basalt altar of Yredelemnul.
  4199 | D:6      | Found a sand-covered staircase.
  4211 | Ossuary  | Entered an ossuary
  4284 | Ossuary  | Reached skill level 5 in Dodging
  4284 | Ossuary  | Reached skill level 4 in Invocations
  4308 | Ossuary  | Reached skill level 5 in Fighting
  4308 | Ossuary  | Reached skill level 6 in Unarmed Combat
  4821 | Ossuary  | Reached XP level 9. HP: 88/88 MP: 11/11
  4986 | D:6      | Noticed Sigmund
  5017 | D:6      | Killed Sigmund
  5018 | D:6      | Reached skill level 5 in Invocations
  5185 | D:6      | Reached skill level 7 in Unarmed Combat
  5544 | D:6      | Reached skill level 6 in Dodging
  5562 | D:6      | Reached skill level 6 in Fighting
  5590 | D:6      | Identified the +7 short sword of the Walnut {holy, Stlth+}
  5684 | D:6      | Noticed a five-headed hydra
  5687 | D:6      | Pacified a five-headed hydra
  5760 | D:6      | Noticed a gargoyle
  5779 | D:6      | Killed a gargoyle
  5780 | D:6      | Reached skill level 6 in Invocations
  5888 | D:6      | Noticed a cyclops
  5894 | D:6      | Noticed a troll
  5896 | D:6      | Killed a cyclops
  5897 | D:6      | Reached skill level 8 in Unarmed Combat
  5897 | D:6      | Reached XP level 10. HP: 100/100 MP: 13/13
  6061 | D:6      | Found a shimmering altar of Xom.
  6205 | D:7      | Found a staircase to the Ecumenical Temple.
  6225 | D:7      | HP: 23/97 [wight/+5 trident of freezing (4)]
  6231 | D:6      | HP: 17/97 [orc/+0 whip (5)]
  6337 | D:7      | You pick up a book of Transfigurations and begin reading...
  6337 | D:7      | You add the spells Irradiate, Blade Hands and Dragon Form
                  | to your library.
  6453 | D:7      | Noticed Pikel
  6467 | D:7      | Killed Pikel
  6468 | D:7      | Reached skill level 7 in Fighting
  6468 | D:7      | Reached skill level 1 in Throwing
  6468 | D:7      | Reached skill level 7 in Dodging
  7048 | D:8      | Reached skill level 2 in Throwing
  7252 | D:8      | Found a bloodstained altar of Trog.
  7257 | D:8      | Reached skill level 7 in Invocations
  7258 | D:8      | HP: 21/91 [something (8)]
  7798 | D:9      | Noticed a two-headed ogre
  7810 | D:9      | Killed a two-headed ogre
  7811 | D:9      | Reached skill level 1 in Armour
  7825 | D:9      | Reached XP level 11. HP: 62/106 MP: 15/15
  7884 | D:9      | Found an opulent altar of Gozag.
  7968 | D:9      | Reached skill level 2 in Armour
  7968 | D:9      | Reached skill level 9 in Unarmed Combat
  8011 | D:9      | Gained mutation: You occasionally lose the ability to read
                  | scrolls when taking damage. [potion of mutation]
  8011 | D:9      | Gained mutation: You have hidden genetic potential. [potion
                  | of mutation]
  8011 | D:9      | Gained mutation: You are clumsy. (Dex -2) [potion of
                  | mutation]
  8141 | D:9      | HP: 26/109 [poisoned by a killer bee]
  8146 | D:9      | HP: 20/109 [poisoned by a killer bee]
  8151 | D:9      | HP: 21/110 [poisoned by a killer bee]
  8402 | D:9      | Reached skill level 3 in Armour
  8418 | D:9      | HP: 27/110 [yak (10)]
  8424 | D:9      | HP: 15/111 [yak (14)]
  8430 | D:9      | HP: 18/111 [yak (6)]
  8568 | D:9      | You pick up a book of Displacement and begin reading...
  8816 | D:10     | Entered Level 10 of the Dungeon
  8992 | D:10     | Noticed a two-headed ogre
  8995 | D:10     | Found Vuuhox's Weapon Shoppe.
  9004 | D:10     | Killed a two-headed ogre
  9086 | D:10     | Reached skill level 8 in Dodging
  9090 | D:10     | Reached skill level 4 in Armour
  9100 | D:10     | Reached skill level 8 in Fighting
  9402 | D:10     | Reached skill level 8 in Invocations
  9543 | D:10     | Reached ****** piety under Elyvilon
  9889 | D:11     | Noticed Erica
  9900 | D:11     | Killed Erica
  9936 | D:11     | HP: 16/111 [cyclops (29)]
  9942 | D:11     | Reached skill level 5 in Armour
  9961 | D:11     | HP: 27/111 [slime creature (18)]
  9967 | D:11     | HP: 13/111 [large slime creature (20)]
  9979 | D:11     | Elyvilon protects you from harm!
  9986 | D:11     | HP: 1/111 [titanic slime creature (38)]
  9987 | D:11     | Elyvilon protects you from harm!
  9990 | D:11     | Slain by a very large slime creature

Vanquished Creatures
  Erica (D:11)
  2 two-headed ogres
  Pikel (D:7)
  3 cyclopes
  A gargoyle (D:6)
  An efreet (D:10)
  3 trolls
  Sigmund (D:6)
  A shadow (D:9)
  A vampire (D:9)
  A wraith (D:11)
  22 yaks
  2 steam dragons (D:8)
  3 water moccasins
  An acid dragon (D:8)
  3 orc warriors (D:11)
  3 sky beasts
  4 ice beasts
  A black bear (D:6)
  An ogre (D:7)
  A centaur (D:7)
  A lemure (D:7)
  3 phantoms
  3 kobold brigands
  2 gnoll sergeants
  3 necrophages
  13 scorpions
  16 wights
  6 killer bees (D:9)
  6 howler monkeys
  3 bullfrog zombies (D:5)
  3 centaur zombies (D:5)
  2 human zombies (Ossuary)
  8 orc priests
  A jelly (D:5)
  2 gnoll boudas
  2 hounds
  3 iguanas
  7 orc wizards
  7 scorpion zombies (Ossuary)
  3 mummies (Ossuary)
  Robin (D:2)
  17 gnolls
  6 adders
  A white imp (D:5)
  2 ufetubi
  2 worms
  26 orcs
  8 ball pythons
  9 endoplasms
  3 giant cockroaches
  2 gnoll zombies (Ossuary)
  23 goblins
  5 hobgoblins
  5 quokkas
  3 bats
  A frilled lizard (D:2)
  A goblin zombie (Ossuary)
  4 hobgoblin zombies (Ossuary)
  22 kobolds
  A kobold zombie (Ossuary)
  2 orc zombies (Ossuary)
  6 rats
301 creatures vanquished.

Table legend:
 A = Non-vault XP
 B = Vault XP
 C = Vault XP percentage of total XP
 D = Non-vault monster count
 E = Vault monster count
 F = Vault count percentage of total count
                 A         B        C        D         E       F
            +---------+---------+-------+---------+---------+-------
      Total |   15430 |    5175 |  25.1 |     228 |      72 |  24.0
            +---------+---------+-------+---------+---------+-------
        D:1 |      40 |       0 |   0.0 |      23 |       0 |   0.0
        D:2 |      27 |      44 |  62.0 |      15 |      17 |  53.1
        D:3 |      30 |       3 |   9.1 |      10 |       2 |  16.7
        D:4 |     458 |       0 |   0.0 |      25 |       0 |   0.0
        D:5 |     613 |     392 |  39.0 |      18 |       8 |  30.8
        D:6 |    1303 |    1480 |  53.2 |      25 |       4 |  13.8
        D:7 |    1210 |     685 |  36.1 |      18 |       1 |   5.3
        D:8 |    1524 |       0 |   0.0 |      22 |       0 |   0.0
        D:9 |    5698 |       0 |   0.0 |      43 |       0 |   0.0
       D:10 |    2764 |       0 |   0.0 |      22 |       0 |   0.0
       D:11 |    1763 |    1337 |  43.1 |       7 |       8 |  53.3
    Ossuary |       0 |    1234 | 100.0 |       0 |      32 | 100.0
            +---------+---------+-------+---------+---------+-------

Illustrated notes

Table legend:
 A = Kills in this place as a percentage of kills in entire the game.
 B = Kills by you in this place as a percentage of kills by you in the entire game.
 C = Kills by friends in this place as a percentage of kills by friends in the entire game.
 D = Other kills in this place as a percentage of other kills in the entire game.
 E = Experience gained in this place as a percentage of experience gained in the entire game.
 F = Experience gained in this place divided by the number of levels of this place that you have seen.
                   A       B       C       D       E      F
               +-------+-------+-------+-------+-------+----------------------
         Total | 100.0 | 100.0 |   N/A |   N/A | 100.0 | 1717.1
       Dungeon |  89.3 |  89.3 |   N/A |   N/A |  94.0 | 1761.0
       Ossuary |  10.7 |  10.7 |   N/A |   N/A |   6.0 | 1234.0
               +-------+-------+-------+-------+-------+----------------------

Table legend: (Time is in decaauts)
 A = Elapsed time spent in this place.
 B = Non-inter-level travel time spent in this place.
 C = Inter-level travel time spent in this place.
 D = Time resting spent in this place.
 E = Time spent auto-exploring this place.
 F = Levels seen in this place.
 G = Mean time per level.
                   A        B        C        D        E       F      G
               +--------+--------+--------+--------+--------+-----+--------+
         Total |   9890 |   9671 |    219 |   1229 |   6194 |  12 |  824.2 |
       Dungeon |   9190 |   8971 |    219 |    953 |   6091 |  11 |  835.5 |
       Ossuary |    699 |    699 |      0 |    276 |    103 |   1 |  699.0 |
               +--------+--------+--------+--------+--------+-----+--------+

Top non-repeatable levels by time:
     D:6: 1423 daAuts
     D:5: 1124 daAuts
     D:9: 1115 daAuts
     D:3: 1063 daAuts
    D:10: 999 daAuts
     D:7: 721 daAuts
 Ossuary: 699 daAuts
     D:4: 679 daAuts
     D:1: 666 daAuts
     D:8: 633 daAuts
     D:2: 584 daAuts
    D:11: 177 daAuts
